Map: Goldenaura LE

Players

DKZherO (herO)

  • Race: Protoss Protoss
  • Spawn Location: 12:00

LiquidClem (Clem) - Winner!

  • Race: Terran Terran
  • League: Master
  • Spawn Location: 5:00

VOD

Have the link to the VOD?

Description

Time

  • Played on: Dec. 11, 2023, 6:40 a.m.
  • Length: 9:17
Show
View Real Time Build Order
Export as new Build Order

DKZherO Protoss 

Build Orders: 1 Gate Expand, Blink Stalkers 

Get SALT Encoding   

  12  0:00  Probe  
  13  0:12  Probe  
  14  0:17  Pylon  
  14  0:24  Probe (Chrono Boost)  
  16  0:36  Probe (Chrono Boost)  
  16  0:38  Gateway  
  16  0:43  Probe (Chrono Boost)  
  16  0:46  Assimilator  
  17  0:51  Probe  
  18  1:03  Probe  
  19  1:15  Probe  
  20  1:25  Cybernetics Core  
  20  1:32  Nexus  
  20  1:38  Pylon  
  20  1:41  Probe  
  20  1:46  Assimilator  
  21  1:53  Probe  
  22  1:58  Adept (Chrono Boost)  
  24  2:01  Warp Gate  
  24  2:05  Probe  
  25  2:18  Adept (Chrono Boost), Probe  
  28  2:25  Twilight Council  
  28  2:30  Probe  
  29  2:41  Stalker  
  29  2:43  Probe  
  32  2:44  Probe  
  33  2:54  Blink (Chrono Boost)  
  33  2:56  Probe x2  
  35  3:04  Gateway  
  35  3:08  Probe x2  
  37  3:20  Gateway  
  37  3:21  Probe  
  37  3:22  Probe  
  39  3:33  Probe  
  39  3:34  Probe  
  41  3:42  Nexus  
  41  3:48  Probe x2  
  43  3:52  Pylon  
  43  3:55  Stalker  
  45  3:59  Pylon  
  45  4:04  Probe  
  46  4:10  Probe  
  46  4:11  Stalker  
  46  4:14  Pylon  
  46  4:16  Stalker  
  51  4:19  Stalker  
  51  4:22  Probe x2  
  55  4:27  Assimilator  
  55  4:29  Assimilator  
  55  4:33  Shield Battery  
  55  4:35  Probe  
  55  4:36  Probe  
  57  4:39  Shield Battery  
  57  4:46  Robotics Facility  
  57  4:48  Probe x2  
  59  4:52  Stalker  
  59  4:53  Stalker  
  59  4:55  Probe (Chrono Boost)  
  64  5:01  Charge  
  64  5:03  Probe (Chrono Boost)  
  64  5:05  Sentry  
  64  5:06  Probe (Chrono Boost)  
  69  5:07  Probe (Chrono Boost)  
  69  5:11  Probe (Chrono Boost)  
  69  5:13  Probe (Chrono Boost)  
  72  5:14  Probe (Chrono Boost)  
  72  5:20  Probe  
  73  5:21  Gateway  
  73  5:22  Gateway, Probe  
  73  5:27  Templar Archives  
  74  5:28  Sentry  
  74  5:29  Sentry  
  74  5:31  Probe  
  74  5:32  Probe  
  74  5:34  Probe  
  82  5:38  Observer (Chrono Boost)  
  82  5:41  Forge  
  82  5:44  Gateway  
  82  5:46  Stalker  
  82  5:47  Probe  
  82  5:48  Probe  
  85  5:50  Psionic Storm  
  85  5:58  Pylon  
  85  6:02  Pylon  
  85  6:10  Gateway, Pylon  
  85  6:16  Warp Prism, Probe x3  
  85  6:17  High Templar  
  92  6:20  Zealot x3  
  98  6:30  Photon Cannon  
  98  6:31  Photon Cannon  
  98  6:34  Photon Cannon  
  98  6:35  High Templar  
  100  6:41  Assimilator  
  100  6:43  Assimilator, Probe x2  
  100  6:44  Probe  
  100  6:46  Pylon  
  103  6:49  Zealot x2, High Templar  
  103  6:53  Gateway  
  109  7:03  Immortal (Chrono Boost)  
  109  7:04  Probe  
  114  7:09  Pylon  
  114  7:10  Pylon  
  114  7:11  Stalker x2  
  114  7:16  Zealot  
  106  7:24  Stalker x4  
  102  7:36  High Templar, Immortal (Chrono Boost)  
  102  7:37  Zealot x2  
  102  7:42  Probe x3  
  109  7:45  Pylon  
  109  7:48  Shield Battery  
  109  7:49  High Templar  
  109  7:50  Zealot x2, High Templar  
  117  7:55  Pylon  
  117  7:58  Pylon  
  117  7:59  Zealot x2  
  121  8:09  Forge  
  121  8:10  Zealot, High Templar  
  121  8:11  Zealot  
  121  8:12  Immortal (Chrono Boost)  
  131  8:15  Observer  
  131  8:17  High Templar  
  131  8:23  Probe x2  
  130  8:31  Stalker x5  
  134  8:35  Stalker  
  136  8:51  Pylon x2  
  132  8:57  Observer (Chrono Boost)  
Show
View Real Time Build Order
Export as new Build Order

LiquidClem Terran - Winner!

Build Orders: Reaper Expand 

Get SALT Encoding   

  12  0:00  SCV  
  13  0:12  SCV  
  14  0:17  Supply Depot  
  14  0:24  SCV  
  15  0:38  SCV  
  15  0:40  Barracks  
  16  0:45  Refinery  
  16  0:50  SCV  
  17  1:02  SCV  
  18  1:14  SCV  
  19  1:28  Orbital Command, Reaper  
  20  1:41  Command Center  
  20  1:49  Supply Depot  
  20  1:53  SCV  
  21  1:59  Marine  
  22  2:05  SCV  
  23  2:08  Factory  
  23  2:14  Refinery  
  23  2:16  Bunker  
  23  2:19  Marine  
  24  2:23  SCV  
  25  2:35  SCV  
  26  2:38  Barracks Reactor  
  26  2:47  SCV  
  27  2:59  Orbital Command, SCV  
  27  3:00  Hellion  
  27  3:01  Starport  
  30  3:12  SCV  
  31  3:15  Supply Depot, Marine x2  
  33  3:22  Widow Mine  
  33  3:24  SCV  
  33  3:25  SCV  
  37  3:33  Marine x2  
  39  3:36  SCV  
  39  3:37  SCV, Medivac  
  42  3:43  Widow Mine  
  42  3:45  Barracks  
  42  3:48  SCV  
  45  3:49  SCV  
  45  3:52  Marine x2  
  48  3:59  Supply Depot  
  48  4:00  SCV  
  49  4:04  Barracks, Factory Tech Lab  
  49  4:06  SCV  
  49  4:08  Starport Tech Lab  
  50  4:12  SCV  
  50  4:14  Marine x2  
  53  4:18  SCV  
  53  4:19  Refinery  
  53  4:20  Engineering Bay  
  54  4:24  SCV  
  54  4:27  Raven  
  54  4:30  SCV  
  58  4:32  Factory Reactor  
  58  4:33  Supply Depot  
  58  4:36  SCV  
  59  4:40  Supply Depot  
  59  4:41  Stimpack  
  59  4:44  SCV  
  59  4:45  Marine x2  
  62  4:54  SCV  
  62  4:55  Marauder  
  62  4:56  Terran Infantry Weapons Level 1, Refinery  
  62  4:57  SCV  
  66  5:00  Supply Depot  
  66  5:03  Marine  
  66  5:04  Marine  
  66  5:06  SCV  
  69  5:09  Combat Shield, SCV  
  69  5:12  Marauder  
  72  5:18  Marauder  
  72  5:21  SCV, Marine x2  
  75  5:22  SCV  
  75  5:25  Supply Depot  
  78  5:32  Medivac  
  78  5:34  Marauder  
  78  5:35  Supply Depot  
  82  5:36  Medivac  
  82  5:38  Factory Reactor  
  82  5:42  Marauder  
  86  5:47  Supply Depot  
  86  5:50  Marine  
  86  5:51  Marine  
  86  5:57  Marauder  
  90  6:05  Command Center  
  90  6:07  Supply Depot  
  90  6:11  Marine x2  
  91  6:13  Marauder  
  91  6:14  Medivac  
  91  6:15  Medivac  
  91  6:18  Marauder  
  100  6:20  Widow Mine x2  
  100  6:23  SCV x2  
  106  6:27  Supply Depot  
  106  6:29  Marine x2  
  108  6:34  Marauder  
  108  6:35  SCV x2  
  112  6:43  Barracks  
  112  6:44  Supply Depot, Concussive Shells, Barracks  
  112  6:46  Marine x2  
  113  6:51  Widow Mine  
  118  6:54  Widow Mine  
  118  6:55  Marauder  
  118  6:59  Terran Infantry Armor Level 1  
  118  7:00  Supply Depot  
  120  7:06  Marauder  
  120  7:07  Medivac  
  124  7:12  Marine x2  
  124  7:13  Widow Mine  
  128  7:16  Marauder, Widow Mine  
  128  7:18  Medivac  
  129  7:26  Marine  
  129  7:29  SCV  
  116  7:30  SCV, Marine  
  116  7:33  Barracks Tech Lab  
  116  7:34  Barracks Tech Lab, Marine  
  116  7:36  Widow Mine  
  111  7:39  Marauder  
  111  7:41  SCV  
  111  7:42  SCV, Widow Mine  
  113  7:48  Ghost Academy  
  113  7:53  SCV  
  113  7:55  SCV  
  113  7:56  Marauder  
  113  7:58  Marauder  
  119  8:01  Orbital Command  
  119  8:05  SCV, Marine x2  
  122  8:07  SCV  
  122  8:09  Marauder  
  123  8:17  SCV, Ghost x2  
  123  8:19  SCV  
  129  8:24  Widow Mine x2  
  129  8:26  Ghost  
  134  8:29  SCV  
  134  8:30  SCV, Ghost  
  134  8:31  SCV  
  134  8:32  Marine x2  
  141  8:37  Armory  
  141  8:40  Engineering Bay  
  141  8:41  SCV  
  141  8:42  SCV  
  141  8:44  Refinery  
  141  8:45  Bunker  
  141  8:48  Supply Depot  
  143  8:49  SCV, Widow Mine x2  
Tags
 
Add a new tag
Caveats
  • Supply blocks, unpowered buildings, or Contaminate may cause inaccurate times.
  • Supply counts are checked every 10 seconds.